 Dungeon Crawl Stone Soup version 0.22-a0-301-gf0fe05c (webtiles) character file.

119 grizmgrazm2 the Firebug (level 4, 0/29 HPs)
             Began as a Demonspawn Fire Elementalist on Mar 26, 2018.
             Was an Initiate of Hepliaklqana.
             Slain by a worm (8 damage)
             ... on level 2 of the Dungeon.
             The game lasted 00:07:31 (3117 turns).

grizmgrazm2 the Firebug (DsFE)                      Turns: 3117, Time: 00:07:32

Health: 0/29       AC:  5    Str: 10    XL:     4   Next: 73%
Magic:  3/7        EV: 12    Int: 16    God:    Hepliaklqana [......]
Gold:   86         SH:  0    Dex: 13    Spells: 7/8 levels left

rFire    . . .     SeeInvis .   b - +0 short sword
rCold    . . .     Gourm    .   (no shield)
rNeg     . . .     Faith    .   d - +0 leather armour
rPois    .         Spirit   .   (no helmet)
rElec    .         Reflect  .   (no cloak)
rCorr    .         Harm     .   (no gloves)
MR       .....                  (no boots)
Stlth    ++........             (no amulet)
HPRegen  0.09/turn              (no ring)
MPRegen  0.10/turn              (no ring)

@: very slightly contaminated
A: reduced essence, yellow scales 1, demonic guardian 1
a: Recall Ancestor, Ancestor Identity, Renounce Religion


You were on level 2 of the Dungeon.
You worshipped Hepliaklqana.
Hepliaklqana was noncommittal.
You were not hungry.

You visited 1 branch of the dungeon, and saw 3 of its levels.

You collected 86 gold pieces.

Inventory:

Hand Weapons
 b - a +0 short sword (weapon)
Armour
 d - a +0 leather armour (worn)
Scrolls
 f - a scroll of amnesia
Potions
 a - a potion of might {unknown}
 e - a potion of degeneration {unknown}
 g - a potion of resistance {unknown}
 h - 2 potions of berserk rage {unknown}
 i - a potion of curing {unknown}
 j - 3 potions of lignification {unknown}
 l - a potion of haste {unknown}
Comestibles
 c - 3 rations
 k - a chunk of flesh


   Skills:
 + Level 1.7 Fighting
 + Level 1.8 Dodging
 - Level 1.7 Stealth
 + Level 2.6 Spellcasting
 * Level 3.0 Conjurations
 * Level 3.2 Fire Magic


You had 7 spell levels left.
You knew the following spells:

 Your Spells              Type           Power        Failure   Level  Hunger
a - Flame Tongue          Conj/Fire      ##...        8%          1    #......


Dungeon Overview and Level Annotations

Branches:
Dungeon (3/15)

Altars:
Hepliaklqana


Innate Abilities, Weirdness & Mutations

You are partially covered in yellow scales. (AC +2)
A weak demonic guardian rushes to your aid.
Your life essence is reduced to manifest your ancestor. (-10% HP)


Message History

Octavius barely misses the jackal.
Casting: Flame Tongue (safe; 8% risk of failure)
Confirm with . or Enter, or press ? or * to list all spells.
Aiming: Flame Tongue (safe; 8% risk of failure)
Press: ? - help, Shift-Dir - straight line, f/p - jackal
Aim: a jackal (moderately wounded)
The flame tongue hits the jackal.
The jackal is heavily wounded.
The jackal bites you but does no damage.
The orc misses you. The worm bites you but does no damage.
Octavius barely misses the jackal.
Casting: Flame Tongue (safe; 8% risk of failure)
Confirm with . or Enter, or press ? or * to list all spells.
Aiming: Flame Tongue (safe; 8% risk of failure)
Press: ? - help, Shift-Dir - straight line, f/p - jackal
Aim: a jackal (heavily wounded)
The flame tongue hits the jackal.
You kill the jackal!
The orc barely misses you. The worm bites you!
You die...

#.# #.# #.# #.# #########
#.# #.......# #.#
#.#####.# #.# #.#...#.#
#####.####.#.#R#w########
................@o......#
#####.####.###.#######.##
#.# #...........#.# #.#
#####.#####.#.# #.# #.#
#)#.# #.#### #.# #.#.#
#....# #.# #.#.# ####.#
#.# #.#.# #.#####.# #.#.#


You could see the friendly Octavius the ancestor, a worm and an orc.

Vanquished Creatures
  2 gnolls
  2 adders (D:2)
  2 leopard geckos
  A bat (D:1)
  3 giant cockroaches
  3 goblins
  4 hobgoblins
  4 jackals (D:2)
  5 kobolds
  2 quokkas (D:2)
  3 frilled lizards
  2 rats (D:1)
33 creatures vanquished.

Vanquished Creatures (collateral kills)
  A gnoll shaman (D:2)
  A worker ant (D:2)
  2 gnolls (D:2)
  2 jackals (D:2)
6 creatures vanquished.

Vanquished Creatures (others)
  5 ancestors
5 creatures vanquished.

Grand Total: 44 creatures vanquished

Notes
Turn   | Place    | Note
-------+----------+-------------------------------------------
     0 | D:1      | grizmgrazm2 the Demonspawn Fire Elementalist began the quest for the Orb.
     0 | D:1      | Reached XP level 1. HP: 13/13 MP: 3/3
   320 | D:1      | Gained mutation: A weak demonic guardian rushes to your aid. [demonic ancestry]
   320 | D:1      | Reached XP level 2. HP: 12/20 MP: 0/5
  1585 | D:2      | Found a hazy altar of Hepliaklqana.
  1589 | D:2      | Became a worshipper of Hepliaklqana the Forgotten
  1636 | D:2      | Reached skill level 1 in Fighting
  1744 | D:2      | Gained mutation: You are partially covered in yellow scales. (AC +2) [demonic ancestry]
  1744 | D:2      | Reached XP level 3. HP: 20/23 MP: 6/6
  2089 | D:1      | Reached XP level 4. HP: 6/28 MP: 1/7
  3117 | D:2      | Slain by a worm

Vault maps used:
D:1:      dpeg_arrival_connections
D:2:      lemuel_crystal_altar, first_ration
D:3:      chequers_temple_overflow_statue_of_worship, fedhas_altar_4

Skill      XL: |  1  2  3  4 |
---------------+-------------+-----
Fighting       | 1 |  1.7
Conjurations   | 2 3 |  3.0
Fire Magic     | 3 |  3.2
Dodging        | |  1.8
Stealth        | |  1.7
Spellcasting   | |  2.6

Action                   |  1- 3 |  4- 6 || total
-------------------------+-------+-------++-------
Melee: Short sword       |    43 |    18 ||    61
 Cast: Flame Tongue      |    34 |    19 ||    53
  Use: Scroll            |     4 |     2 ||     6
 Stab: Sleeping          |       |     1 ||     1
  Eat: Chunk             |     1 |     3 ||     4
       Ration            |     1 |       ||     1
Armor: Robe              |     5 |       ||     5
       Leather armour    |     5 |    21 ||    26
Dodge: Dodged            |    48 |    27 ||    75

Table legend:
 A = Spawn XP
 B = Non-spawn XP
 C = Spawn XP percentage of total XP
 D = Spawn monster count
 E = Non-spawn monster count
 F = Spawn count percentage of total count
 G = Total turns spent on level
                    A         B        C        D         E        F      G
               +---------+---------+-------+---------+---------+-------+---------
         Total |       0 |     170 |   0.0 |       0 |      39 |   0.0 |  3117
               +---------+---------+-------+---------+---------+-------+---------
           D:1 |       0 |      41 |   0.0 |       0 |      17 |   0.0 |  1917
           D:2 |       0 |     129 |   0.0 |       0 |      22 |   0.0 |  1190
               +---------+---------+-------+---------+---------+-------+---------
